 Dungeon Crawl Stone Soup version 0.31-a0-233-g139696dc86 (webtiles) character file.

Game seed: 2859672953471943805

84 qw the Shooter (level 4, -1/36 HPs)
             Began as a Minotaur Hexslinger on July 7, 2023.
             Slain by an orc wizard
             ... wielding a +0 dagger
              (3 damage)
             ... on level 3 of the Dungeon.
             The game lasted 00:00:43 (1668 turns).

qw the Shooter (Minotaur Hexslinger)                Turns: 1668, Time: 00:00:43

Health: -1/36      AC:  6    Str: 13    XL:     4   Next: 24%
Magic:  4/4        EV: 11    Int: 10    God:
Gold:   87         SH:  0    Dex: 14    Spells: 4/5 levels left

rFire   . . .        Y - +1 sling
rCold   . . .        (no shield)
rNeg    . . .        e - +0 ring mail
rPois   .            (helmet restricted)
rElec   .            i - +0 cloak
rCorr   .            (no gloves)
SInv    .            (no boots)
Will    .....        (no amulet)
Stlth   +            (no ring)
HPRegen 0.26/turn    (no ring)
MPRegen 0.09/turn

%: no passive effects
@: no status effects
A: horns 2, retaliatory headbutt
a: no special abilities


You were on level 3 of the Dungeon.
You visited 1 branch of the dungeon, and saw 3 of its levels.

You collected 87 gold pieces.


Innate Abilities, Weirdness & Mutations

You have a pair of horns on your head.
You reflexively headbutt those who attack you in melee.


   Skills:
 - Level 2.0 Fighting
 + Level 4.5 Ranged Weapons
 - Level 1.3 Armour
 - Level 2.1 Dodging
 - Level 1.0 Spellcasting
 - Level 2.0 Hexes


You had 4 spell levels left.
You knew the following spells:

 Your Spells              Type           Power      Damage    Failure   Level
a - Slow                  Hex            16%        N/A       32%         1

Your spell library contained the following spells:

 Spells                   Type           Power      Damage    Failure   Level
 Inner Flame              Hex/Fire       2%         N/A       82%         3
 Portal Projectile        Hex/Tloc       4%         N/A       82%         3
 Cause Fear               Hex            2%         N/A       97%         4

Inventory:

Hand Weapons
 Y - a +1 sling (weapon)
Armour
 e - a +0 ring mail (worn)
 i - a +0 cloak (worn)
Scrolls
 a - a scroll of acquirement {unknown}
Potions
 c - a potion of heal wounds {unknown}
 d - a potion of ambrosia {unknown}
 f - a potion of mutation {unknown}
 g - 4 potions of might
 k - a potion of cancellation {unknown}

Dungeon Overview and Level Annotations

Branches:
Dungeon (3/15)

Altars:
Kikubaaqudgha

Annotations:
D:3 3 runed translucent doors


Message History

The magic dart hits you.
You shoot a sling bullet. Something hits you but does no damage.
You hear some strange, mumbled words.
A magic dart appears from out of thin air!
The magic dart hits you!
You shoot a sling bullet. Something hits you.
You shoot a sling bullet. Something hits you but does no damage.
You shoot a sling bullet. Something completely misses you.
You hear some strange, mumbled words.
You are confused.
You shoot a sling bullet. Something hits you.
You shoot a sling bullet. Something hits you.
You shoot a sling bullet. Something hits you.
You shoot a sling bullet.
You feel less confused.
Something hits you but does no damage. x2
You shoot a sling bullet. Something hits you but does no damage.
You shoot a sling bullet. Something hits you.
You shoot a sling bullet. Something hits you but does no damage.
You shoot a sling bullet.
You hear some strange, mumbled words.
Something tries to affect you, but you resist.
You hear some strange, mumbled words.
A magic dart appears from out of thin air!
The magic dart hits you!
You shoot a sling bullet. Something hits you.
You shoot a sling bullet. Something hits you.
You die...

#.###...#..........
##.#.########## #.#.# #.#.#
#.#.# #.#.# #####<#.##
#........#########
#@###............. #{#
###..######### #.#
#..#######..
#:##########)#####..#........
#........o..........#.#####.#
#######.###########.#.# #.#
#.# #.#.#####.# ....o.o.#
#.........# #########
###.#######


There were no monsters in sight!

Vanquished Creatures
  3 adders
  A dart slug (D:2)
  3 orcs (D:3)
  An endoplasm (D:1)
  2 goblins (D:2)
  10 hobgoblins
  3 jackals (D:1)
  4 quokkas
  8 ball pythons
  2 bats (D:1)
  2 frilled lizards
  4 kobolds
  6 rats
49 creatures vanquished.

Notes
Turn   | Place    | Note
-------+----------+-------------------------------------------
     0 | D:1      | qw the Minotaur Hexslinger began the quest for the Orb.
     0 | D:1      | Reached XP level 1. HP: 16/16 MP: 1/1
     0 | D:1      | 0 ||| qw: Version: 0.3-a-46-gb1f654a
     0 | D:1      | 0 ||| qw: Game counter: 3183
     0 | D:1      | 0 ||| qw: Melee chars always use a shield: true
     0 | D:1      | 0 ||| qw: God list: Okawaru
     0 | D:1      | 0 ||| qw: Allow faded altars: false
     0 | D:1      | 0 ||| qw: Do Orc after clearing Dungeon:15 true
     0 | D:1      | 0 ||| qw: Do second Lair branch before Depths: true
     0 | D:1      | 0 ||| qw: Lair rune preference: random
     0 | D:1      | 0 ||| qw: Goals: Normal
     0 | D:1      | 0 ||| PLANNING D:1-11
   274 | D:1      | Reached skill level 3 in Ranged Weapons
   302 | D:1      | Reached XP level 2. HP: 12/23 MP: 2/2
   866 | D:1      | 866 ||| UPGRADING to +0 ring mail.
   876 | D:1      | 876 ||| DROPPING +0 robe.
   877 | D:1      | 877 ||| DROPPING +0 robe of positive energy.
   878 | D:1      | 878 ||| UPGRADING to +0 cloak.
   883 | D:1      | 883 ||| DRINKING 3 white potions.
   884 | D:1      | 884 ||| DROPPING scroll of poison.
  1003 | D:2      | Reached XP level 3. HP: 29/29 MP: 3/3
  1133 | D:2      | Reached skill level 4 in Ranged Weapons
  1165 | D:2      | Reached skill level 1 in Armour
  1247 | D:2      | Found an ancient bone altar of Kikubaaqudgha.
  1372 | D:2      | 1372 ||| READING 3 scrolls labelled KULUFAOJOD.
  1373 | D:2      | 1373 ||| READING 3 scrolls labelled VAONKA XOONGI.
  1374 | D:2      | 1374 ||| READING scroll labelled XAUSEGAG QOIRA.
  1378 | D:2      | 1378 ||| DROPPING 2 scrolls of blinking.
  1379 | D:2      | 1379 ||| DROPPING 2 scrolls of amnesia.
  1435 | D:3      | Reached XP level 4. HP: 31/36 MP: 4/4
  1477 | D:3      | Found a runed translucent gate.
  1477 | D:3      | Found a runed translucent gate.
  1477 | D:3      | Found a runed translucent gate.
  1618 | D:3      | 1618 ||| FLEEEEING.
  1620 | D:3      | 1620 ||| FLEEEEING.
  1622 | D:3      | 1622 ||| FLEEEEING.
  1623 | D:3      | 1623 ||| FLEEEEING.
  1624 | D:3      | 1624 ||| FLEEEEING.
  1666 | D:3      | HP: 3/36 [something/magic dart (7)]
  1668 | D:3      | Slain by an orc wizard

Levels and vault maps discovered:
D:1:      sevenhm_arrival_forest_fort_large_2, layout_basic
D:2:      layout_rooms, basic_altar
D:3:      layout_loops_ring, gammafunk_ghost_icy

Skill      XL: |  1  2  3 |
---------------+----------+-----
Ranged Weapons | 3 4 |  4.5
Fighting       | 2 |  2.0
Armour         | 1 |  1.3
Dodging        | |  2.1
Spellcasting   | |  1.0
Hexes          | |  2.0

Action                     |  1- 3 |  4- 6 || total
---------------------------+-------+-------++-------
   Fire: Sling             |   114 |    55 ||   169
    Use: Potion            |     1 |       ||     1
         Scroll            |     3 |       ||     3
 Armour: Robe              |     6 |       ||     6
         Ring mail         |    11 |    21 ||    32
  Dodge: Dodged            |    46 |    15 ||    61

Table legend:
 A = Non-vault XP
 B = Vault XP
 C = Vault XP percentage of total XP
 D = Non-vault monster count
 E = Vault monster count
 F = Vault count percentage of total count
                 A         B        C        D         E       F
            +---------+---------+-------+---------+---------+-------
      Total |     121 |       0 |   0.0 |      49 |       0 |   0.0
            +---------+---------+-------+---------+---------+-------
        D:1 |      37 |       0 |   0.0 |      24 |       0 |   0.0
        D:2 |      57 |       0 |   0.0 |      18 |       0 |   0.0
        D:3 |      27 |       0 |   0.0 |       7 |       0 |   0.0
            +---------+---------+-------+---------+---------+-------
